 Dungeon Sprint DCSS version 0.17-a0-1450-g7e755d1 (webtiles) character file.

43 pulse the Shield-Bearer (level 3, -11/33 HPs)
             Began as a Formicid Fighter on June 30, 2015.
             Was an Initiate of Trog.
             Mangled by a hill giant
             ... wielding a +0 giant club
              (29 damage)
             ... in the Dungeon (Sprint IX: "|||||||||||||||||||||||||||||").
             The game lasted 00:01:18 (225 turns).

pulse the Shield-Bearer (Formicid Fighter)           Turns: 225, Time: 00:01:18

Health: -11/33     AC: 10    Str: 26    XL:     3   Next: 82%
Magic:  3/3        EV: 12    Int:  7    God:    Trog [......]
Gold:   0          SH: 11    Dex: 13    Spells: 0 memorised, 2 levels left

rFire  . . .     SeeInvis +     t - +2 scimitar (holy)
rCold  . . .     Clarity  .     q - +2 ring mail
rNeg   . . .     SustAt   .     c - +0 shield
rPois  .         Gourm    .     (helmet unavailable)
rElec  .         Spirit   .     p - +0 cloak
rCorr  .         Warding  .     o - +0 pair of gloves
rMut   .         Stasis   +     (no boots)
MR     .....                    (no amulet)
Stlth  +.........               s - +3 ring of dexterity
                                r - +2 ring of evasion

@: mighty, not resistant to hostile enchantments, very unstealthy
A: permanent stasis, dig shafts and tunnels, four strong arms, antennae 3
a: Dig, Burn Spellbooks, Renounce Religion


You were in the Dungeon.
You worshipped Trog.
Trog was noncommittal.
You were not hungry.

You visited 1 branch

Inventory:

Hand weapons
 t - a +2 scimitar of holy wrath (weapon)
Armour
 b - a +0 scale mail
 c - a +0 shield (worn)
 o - a +0 pair of gloves (worn)
 p - a +0 cloak (worn)
 q - a +2 ring mail (worn)
Jewellery
 r - a +2 ring of evasion (left hand)
 s - a +3 ring of dexterity (right hand)
Magical devices
 n - a wand of cold (6)
Scrolls
 k - 2 scrolls of blinking
 m - 3 scrolls of remove curse
Potions
 f - 5 potions of curing
 g - 3 potions of heal wounds
 h - a potion of haste
 i - 4 potions of magic
 j - a potion of berserk rage
 l - a potion of invisibility
Comestibles
 e - a bread ration


   Skills:
 - Level 5.1 Fighting
 * Level 3.0 Long Blades
 - Level 4.6 Armour
 - Level 1.1 Dodging
 - Level 5.9 Shields


You had 2 spell levels left.
You didn't know any spells.

Dungeon Overview and Level Annotations

Branches:
Dungeon (1/1)

Altars:
Cheibriados
Dithmenos
Elyvilon
Fedhas
Gozag
Kikubaaqudgha
Makhleb
Nemelex Xobeh
Okawaru
Qazlal
Ru
Sif Muna
Trog
Vehumet
Xom
Yredelemnul
Zin
The Shining One
Beogh
Jiyva
Lugonu


Innate Abilities, Weirdness & Mutations

You are under a permanent stasis effect.
You can dig through walls and to a lower floor.
Your four strong arms can wield two-handed weapons with a shield.
You have a pair of large antennae on your head (SInv).


Message History

Zapping:
n - a wand of cold (7)
Press: ? - help, Shift-Dir - straight line, f - orc wizard
Aim: an orc wizard, wielding a dagger and wearing a robe (fast)
The bolt of cold hits the hill giant.
The hill giant is moderately wounded.
The bolt of cold misses the centaur.
The bolt of cold misses the hound.
The bolt of cold hits the jelly.
The jelly is heavily wounded.
This wand has 6 charges left.
Unknown command.
The hill giant hits you with a giant club!
There is an open door to the Dungeon, spattered with blood here.
You slice the hill giant!!
The hill giant is severely wounded.
The hill giant misses you.
You slash the hill giant!
The hill giant is almost dead.
The hill giant hits you with a giant club!!
Ouch! That really hurt!
You die... ▓▓▓▓▓▓▓▓▓▓▓▓▓▓▓▓▓▓▓▓▓▓▓▓ ______'.?|)....(@CcChJo+ ▓▓▓▓▓▓▓▓▓▓▓▓▓▓▓▓▓▓▓▓▓▓▓▓ {{{{{{{{ {{{{{{{{

You could see 2 hill giants, a centaur, a hound, a jelly and an orc wizard.

Vanquished Creatures
  A jelly (D)
  An adder skeleton (D)
  A bat (D)
  A goblin (D)
  A hobgoblin (D)
  A ball python (D)
  A ball python zombie (D)
  2 giant cockroaches (D)
  A rat (D)
10 creatures vanquished.

Notes
Turn   | Place    | Note
--------------------------------------------------------------
     0 | D        | pulse the Formicid Fighter began the quest for the Orb.
     0 | D        | Reached XP level 1. HP: 18/18 MP: 1/1
    12 | D        | Reached skill level 4 in Shields
    95 | D        | Noticed a jelly
    99 | D        | Reached XP level 2. HP: 25/25 MP: 2/2
   111 | D        | Killed a jelly
   111 | D        | Reached skill level 5 in Fighting
   111 | D        | Reached skill level 1 in Dodging
   111 | D        | Reached skill level 5 in Shields
   111 | D        | Reached XP level 3. HP: 28/33 MP: 3/3
   119 | D        | Found a glowing silver altar of Zin.
   119 | D        | Found a glowing golden altar of the Shining One.
   119 | D        | Found an ancient bone altar of Kikubaaqudgha.
   119 | D        | Found a basalt altar of Yredelemnul.
   119 | D        | Found a shimmering altar of Xom.
   119 | D        | Found a radiant altar of Vehumet.
   120 | D        | Found an iron altar of Okawaru.
   121 | D        | Found a burning altar of Makhleb.
   122 | D        | Found a deep blue altar of Sif Muna.
   123 | D        | Found a bloodstained altar of Trog.
   128 | D        | Found a sparkling altar of Nemelex Xobeh.
   129 | D        | Found a white marble altar of Elyvilon.
   130 | D        | Found a roughly hewn altar of Beogh.
   131 | D        | Found a viscous altar of Jiyva.
   132 | D        | Found a corrupted altar of Lugonu.
   133 | D        | Found a blossoming altar of Fedhas.
   134 | D        | Found a snail-covered altar of Cheibriados.
   135 | D        | Became a worshipper of Trog the Wrathful
   136 | D        | Found a shadowy altar of Dithmenos.
   137 | D        | Found a stormy altar of Qazlal.
   138 | D        | Found an opulent altar of Gozag.
   139 | D        | Found a sacrificial altar of Ru.
   220 | D        | Noticed a centaur
   220 | D        | Noticed a hill giant
   220 | D        | Noticed a hound
   220 | D        | Noticed a jelly
   220 | D        | Noticed an orc wizard
   220 | D        | Noticed a hill giant
   225 | D        | Mangled by a hill giant

Vault maps used:
D:        linesprint

Action                   || total
-------------------------++-------
Melee: Long sword        ||    31
       Scimitar          ||     2
Evoke: Wand              ||     1
  Use: Potion            ||     1
